 Dungeon Crawl Stone Soup version 0.25-a0-404-gc1b5a34 (webtiles) character file.

Game seed: 2469427080201403714, levelgen mode: deterministic

6932 Firecrotchwizard the Spear-Bearer (level 10, 0/81 HPs)
             Began as a Centaur Gladiator on Jan 12, 2020.
             Was a Priest of Hepliaklqana.
             Shot with a bolt by a tengu warrior (10 damage)
             ... led by a tengu conjurer
             ... on level 10 of the Dungeon.
             The game lasted 00:18:53 (8727 turns).

Firecrotchwizard the Spear-Bearer (CeGl)            Turns: 8727, Time: 00:18:53

Health: 0/81       AC: 14    Str: 20    XL:     10   Next: 80%
Magic:  16/16      EV:  5    Int: 12    God:    Hepliaklqana [***...]
Gold:   443        SH: 14    Dex: 12    Spells: 9/9 levels left

rFire    + . .     SeeInvis +   a - +0 trident
rCold    . . .     Gourm    +   y - +3 large shield of Mojic {rF+ SInv}
rNeg     . . .     Faith    .   x - +3 scale mail of Tenacity {Str-2 Int+5}
rPois    .         Spirit   .   H - +1 hat
rElec    .         Reflect  .   R - +0 cloak
rCorr    .         Harm     .   b - +2 pair of gloves {Str+3}
MR       .....                  (no barding)
Stlth    ..........             D - amulet of the gourmand {Gourm, !d}
HPRegen  0.23/turn              z - +2 ring of evasion
MPRegen  0.15/turn              w - ring of see invisible {sInv, !d}

@: very quick
A: large, reduced essence, hooves 3, deformed body, speed 2, tough skin 3
a: Recall Ancestor, Ancestor Identity, Transference, Renounce Religion


You were on level 10 of the Dungeon.
You worshipped Hepliaklqana.
Hepliaklqana was most pleased with you.
You were very full.

You visited 1 branch of the dungeon, and saw 10 of its levels.
You also visited: Ossuary.

You collected 541 gold pieces.
You spent 98 gold pieces at shops.

Inventory:

Hand Weapons
 a - a +0 trident (weapon)
 J - a +0 trident
   (You found it on level 7 of the Dungeon)
Missiles
 d - 3 throwing nets {=f, !d}
Armour
 b - a +2 pair of gloves of strength (worn)
   (You found it on level 10 of the Dungeon)
 c - a +0 helmet
 x - the +3 scale mail of Tenacity (worn) {Str-2 Int+5}
   (You found it on level 4 of the Dungeon)

   It affects your strength (-2).
   It affects your intelligence (+5).
 y - the +3 large shield of Mojic (worn) {rF+ SInv}
   (You found it on level 5 of the Dungeon)

   It protects you from fire.
   It lets you see invisible.
 H - a +1 hat (worn)
   (You found it on level 7 of the Dungeon)
 R - a +0 cloak (worn)
   (You found it on level 10 of the Dungeon)
Jewellery
 w - a ring of see invisible (right hand) {sInv, !d}
   (You found it on level 3 of the Dungeon)
 z - a +2 ring of evasion (left hand)
   (You found it on level 5 of the Dungeon)
 D - an amulet of the gourmand (around neck) {Gourm, !d}
   (You found it on level 7 of the Dungeon)
 K - an uncursed ring of stealth {Stlth+}
   (You found it on level 8 of the Dungeon)
 P - an uncursed ring of resist corrosion
   (You found it on level 9 of the Dungeon)
Wands
 A - a wand of scattershot (7)
   (You found it on level 5 of the Dungeon)
 C - a wand of disintegration (20)
   (You found it on level 5 of the Dungeon)
 M - a wand of flame (17)
   (You found it on level 8 of the Dungeon)
 N - a wand of iceblast (5)
   (You found it on level 9 of the Dungeon)
Scrolls
 e - 5 scrolls of identify
 i - 4 scrolls of magic mapping {!r}
 m - 11 scrolls of teleportation
 q - a scroll of blinking {!r}
 E - 2 scrolls of immolation {!r}
 F - 2 scrolls of remove curse
 L - 3 scrolls of fog
 O - a scroll of amnesia
Potions
 g - 3 potions of haste {unknown}
 j - 3 potions of might
 k - 2 potions of magic {unknown}
 l - a potion of mutation {unknown}
 n - a potion of ambrosia {unknown}
 p - 3 potions of lignification {!q}
 r - a potion of berserk rage {unknown}
 s - 2 potions of brilliance {unknown}
 t - 5 potions of flight {unknown}
 u - 4 potions of heal wounds
 v - 2 potions of agility {unknown}
 B - a potion of invisibility {unknown}
 G - 2 potions of degeneration {unknown}
 I - a potion of curing
Comestibles
 f - 21 rations


   Skills:
 + Level 8.7 Fighting
 * Level 11.2 Polearms
 - Level 2.1 Throwing
 - Level 2.1 Dodging
 + Level 8.7 Invocations


You had 9 spell levels left.
You didn't know any spells.
Your spell library was empty.

Dungeon Overview and Level Annotations

Branches:
Dungeon (10/15)            Temple (0/1) D:5         Ossuary (visited)
   Lair: D:8-11         Orc: D:9-12

Altars:
Dithmenos
Hepliaklqana
Kikubaaqudgha
Nemelex Xobeh
Sif Muna
Trog
Vehumet
Xom
Zin

Shops:
D:8 !   D:9 }


Innate Abilities, Weirdness & Mutations

You have hooves in place of feet.
Armour fits poorly on your strangely shaped body.
You cover ground very quickly.
You have extremely tough skin. (AC +3)
Your life essence is reduced to manifest your ancestor. (-10% HP)


Message History

A tengu warrior comes into view. It is wielding a +0 battleaxe.
A yak comes into view.
You puncture the yak! You kick the yak.
Tacocat points at the yak and mumbles some strange words.
The stone arrow hits the yak!!
The yak dies!
The tengu conjurer gestures wildly while chanting.
The tengu conjurer blinks!
A yak comes into view.
You hit the yak.
The yak barely misses Tacocat.
The yak moves out of view.
You puncture the yak! You kick the yak.
Tacocat points at the yak and mumbles some strange words.
The puff of frost hits the yak!
You block the yak's attack.
Tacocat hits the yak with a +0 quarterstaff!!
The yak dies!
Your Polearms skill increases to level 11!
Attack whom?
Aim: a yak You reach to attack!
You hit the yak.
The tengu conjurer drinks a potion.
The tengu conjurer suddenly seems more resistant.
Your shield and scale mail of Tenacity prevent you from hitting the yak.
You kick the yak.
Tacocat gestures at the yak while chanting.
The puff of frost hits the yak.
The tengu conjurer casts a spell.
The tengu conjurer conjures a globe of magical energy!
The yak gores Tacocat!!
A battlesphere comes into view.
You puncture the yak!
Tacocat hits the yak but does no damage.
You hit the yak but do no damage. You kick the yak.
The yak gores Tacocat!
Tacocat points at the yak and mumbles some strange words.
The puff of frost hits the yak.
You hit the yak but do no damage. You kick the yak, but do no damage.
You block the yak's attack.
Tacocat closely misses the yak.
You hit the yak.
The yak gores Tacocat!
Tacocat is destroyed!
You hit the yak but do no damage. You kick the yak. You impale the yak!!
You kill the yak!
You hit the battlesphere.
Health restored: 81 You puncture the yak!
You kick the yak. You hit the yak but do no damage. You kick the yak.
The yak closely misses you. The tengu conjurer barely misses you.
You block the tengu conjurer's attack. x2
You puncture the yak! You kick the yak. The yak gores you but does no damage.
You puncture the yak!
You kill the yak!
The tengu conjurer hits you but does no damage.
The tengu conjurer pecks you but does no damage.
You block the tengu conjurer's attack.
You closely miss the tengu conjurer. You kick the tengu conjurer.
The tengu conjurer hits you but does no damage.
The tengu conjurer pecks you but does no damage.
The tengu conjurer claws you but does no damage.
You closely miss the tengu conjurer. Your kick misses the tengu conjurer.
The tengu conjurer barely misses you. The tengu conjurer pecks you.
The tengu conjurer claws you but does no damage.
You take 2 damage, and have 79/81 hp.
Your shield and scale mail of Tenacity prevent you from hitting the tengu conjurer.
You kick the tengu conjurer.
You block the tengu conjurer's attack. x2
The tengu conjurer claws you but does no damage.
You completely miss the tengu conjurer. Your kick misses the tengu conjurer.
You hit the tengu conjurer. Your kick misses the tengu conjurer.
The tengu conjurer points at you and mumbles some strange words.
The bolt of poison hits you!
You are poisoned.
You take 13 damage, and have 66/81 hp.
You puncture the tengu conjurer! You kick the tengu conjurer.
You feel sick.
You block the tengu conjurer's attack. x2
The tengu conjurer claws you but does no damage.
You take 1 damage, and have 65/81 hp.
You closely miss the tengu conjurer.
You kick the tengu conjurer, but do no damage.
You feel sick. You block the tengu conjurer's attack.
The tengu conjurer pecks you but does no damage.
You block the tengu conjurer's attack.
You take 1 damage, and have 64/81 hp.
You puncture the tengu conjurer!
You kill the tengu conjurer!
The battlesphere dissipates.
You feel sick.
The tengu warrior unwields a +0 battleaxe.
The tengu warrior wields a +0 arbalest.
The tengu warrior shoots a bolt.
The bolt hits you!!
You take 28 damage, and have 36/81 hp.
MASSIVE DAMAGE!!
You hit the yak.
You feel sick.
You take 1 damage, and have 35/81 hp.
You hit the yak but do no damage. Your kick misses the yak.
You feel sick. You block the yak's attack. The yak gores you!
* * * LOW HITPOINT WARNING * * *
You take 11 damage, and have 24/81 hp.
You feel sick.
The tengu warrior shoots a bolt.
The bolt hits you!!
* * * LOW HITPOINT WARNING * * *
You see here a bolt.
You take 23 damage, and have 1/81 hp.
MASSIVE DAMAGE!!
You feel better.
The tengu warrior shoots a bolt.
The bolt hits you!
You die...

... #.# #.#..# #.#######
#######.#..#
........#####.......#..#
............R...÷...#..#
.#####.#####R#####.#..#
#.....[...#.# #......#
#.###@###.#R# #.#....#
#..(# #(# #.#....# #.[Y#
#.# #.#.#..# #.Y†# #.#
#.#.#... #(..# #)#
#.#.#.#. #$..).Q†..# #.#
#.#.#.#. ....#.##..#
#.###.#.#.#. .. #. ...?.
#.....#.#.#. # #######
#######.#.#.


You could see a tengu warrior and 2 yaks.

Vanquished Creatures
  2 two-headed ogres (D:9)
  A tengu conjurer (D:10)
  A hippogriff (D:7)
  A spriggan (D:7)
  2 yaks (D:10)
  An ice beast (D:7)
  2 phantoms
  A sky beast (D:6)
  A necrophage (D:7)
  7 ogres
  A centaur (D:6)
  An elf zombie (Ossuary)
  A big kobold (D:8)
  4 bullfrogs (D:9)
  5 scorpions
  4 killer bees (D:9)
  3 crimson imps
  2 bullfrog zombies
  2 centaur zombies (Ossuary)
  A human zombie (Ossuary)
  A jelly (D:6)
  2 orc priests
  3 hounds
  An orc wizard (D:7)
  Terence (D:3)
  3 worker ants
  2 hound skeletons
  2 mummies (Ossuary)
  Robin (D:1)
  2 worker ant zombies
  10 adders
  2 shadow imps
  A white imp (D:9)
  An ooze (D:1)
  2 adder skeletons (D:4)
  2 adder zombies
  7 worms
  3 dart slugs
  4 leopard geckos
  11 orcs
  7 bats
  11 giant cockroaches
  18 goblins
  10 hobgoblins
  4 jackals
  3 quokkas
  A ball python (D:4)
  3 frilled lizards
  9 hobgoblin zombies (Ossuary)
  3 jackal skeletons
  2 jackal zombies (Ossuary)
  11 kobolds
  7 kobold zombies (Ossuary)
  A leopard gecko zombie (D:5)
  2 orc zombies (Ossuary)
  2 quokka skeletons (D:4)
  9 rats
  A rat zombie (Ossuary)
208 creatures vanquished.

Vanquished Creatures (collateral kills)
  Joseph (D:7)
  2 hippogriffs
  2 yaks (D:10)
  A wraith (D:10)
  2 hungry ghosts
  An ice beast (D:8)
  A black bear (D:10)
  3 bullfrogs
  2 iguanas
  2 orc wizards
  A worker ant (D:10)
  A big kobold zombie (Ossuary)
  A worker ant zombie (D:8)
  2 adders
  3 adder zombies (Ossuary)
  An adder skeleton (D:6)
  A leopard gecko (D:5)
  4 orcs (D:7)
  A jackal (D:8)
  4 hobgoblin zombies (Ossuary)
  4 kobolds (D:8)
  A kobold zombie (Ossuary)
  2 orc zombies (Ossuary)
43 creatures vanquished.

Vanquished Creatures (others)
  2 battlemagi
  4 ancestors
6 creatures vanquished.

Grand Total: 257 creatures vanquished

Notes
Turn   | Place    | Note
-------+----------+-------------------------------------------
     0 | D:1      | Firecrotchwizard the Centaur Gladiator began the quest for
                  | the Orb.
     0 | D:1      | Reached XP level 1. HP: 17/17 MP: 1/1
    82 | D:1      | Reached skill level 3 in Polearms
   208 | D:1      | Reached XP level 2. HP: 24/24 MP: 2/2
   842 | D:2      | Noticed Robin
   849 | D:2      | Reached XP level 3. HP: 28/30 MP: 3/3
  1155 | D:1      | Killed Robin
  1270 | D:2      | Reached skill level 4 in Polearms
  1312 | D:2      | Reached XP level 4. HP: 34/37 MP: 4/4
  1447 | D:2      | Reached skill level 3 in Fighting
  1491 | D:2      | Found a shimmering altar of Xom.
  1997 | D:3      | Found a hazy altar of Hepliaklqana.
  2106 | D:3      | Became a worshipper of Hepliaklqana the Forgotten
  2218 | D:3      | Reached XP level 5. HP: 37/40 MP: 5/5
  2637 | D:3      | Found an ancient bone altar of Kikubaaqudgha.
  2649 | D:3      | Found a glowing silver altar of Zin.
  2660 | D:3      | Noticed Terence
  2676 | D:3      | Killed Terence
  2676 | D:3      | Reached skill level 1 in Invocations
  3023 | D:4      | Reached skill level 5 in Polearms
  3028 | D:4      | Reached XP level 6. HP: 21/46 MP: 3/7
  3242 | D:4      | Noticed a hungry ghost
  3259 | D:4      | Killed a hungry ghost
  3259 | D:4      | Reached skill level 4 in Fighting
  3259 | D:4      | Reached skill level 2 in Invocations
  3631 | D:4      | Got a spiked scale mail
  3650 | D:4      | Identified the +3 scale mail of Tenacity {Str-2 Int+5} (You
                  | found it on level 4 of the Dungeon)
  3654 | D:5      | Entered Level 5 of the Dungeon
  3671 | D:5      | Got an encrusted large shield
  3677 | D:5      | Identified the +3 large shield of Mojic {rF+ SInv} (You
                  | found it on level 5 of the Dungeon)
  3682 | D:5      | Reached * piety under Hepliaklqana
  3738 | D:5      | Reached XP level 7. HP: 52/53 MP: 7/9
  3746 | D:5      | Reached skill level 3 in Invocations
  3812 | D:5      | Reached skill level 6 in Polearms
  3890 | D:5      | Found a staircase to the Ecumenical Temple.
  4027 | D:5      | Noticed a moth of wrath
  4259 | D:5      | Found a bloodstained altar of Trog.
  4487 | D:6      | Reached skill level 5 in Fighting
  4614 | D:6      | Reached skill level 4 in Invocations
  4818 | D:6      | Found a sand-covered staircase.
  4823 | Ossuary  | Entered an ossuary
  4896 | Ossuary  | Reached XP level 8. HP: 61/61 MP: 11/11
  4959 | Ossuary  | Reached skill level 7 in Polearms
  5363 | D:6      | Found a shimmering blue altar of Sif Muna.
  5654 | D:6      | Reached skill level 5 in Invocations
  5711 | D:7      | Noticed Joseph
  5826 | D:7      | Reached skill level 6 in Fighting
  5838 | D:7      | Reached skill level 8 in Polearms
  5896 | D:7      | Got a ripped robe
  5958 | D:7      | Found a shadowy altar of Dithmenos.
  5961 | D:7      | Reached ** piety under Hepliaklqana
  5963 | D:7      | Remembered your ancestor Tacocat as a battlemage
  5974 | D:7      | Reached XP level 9. HP: 63/67 MP: 13/13
  6035 | D:7      | Killed Joseph
  6035 | D:7      | Reached skill level 6 in Invocations
  6163 | D:7      | HP: 16/70 [hippogriff (3)]
  6164 | D:7      | HP: 5/70 [orc priest/divine providence (12)]
  6170 | D:7      | Reached skill level 9 in Polearms
  6606 | D:8      | Reached skill level 7 in Fighting
  6687 | D:8      | Found Vuda Wysm's Distillery.
  6689 | D:8      | Found a sparkling altar of Nemelex Xobeh.
  6692 | D:8      | Bought a potion of curing for 42 gold pieces
  6692 | D:8      | Bought a potion of might for 56 gold pieces
  6855 | D:8      | Reached skill level 7 in Invocations
  7118 | D:9      | Noticed a two-headed ogre
  7130 | D:9      | Killed a two-headed ogre
  7130 | D:9      | Reached skill level 10 in Polearms
  7130 | D:9      | Reached XP level 10. HP: 20/79 MP: 15/15
  7492 | D:9      | Found Uvosawkenk's Gadget Shoppe.
  7492 | D:9      | Reached *** piety under Hepliaklqana
  7593 | D:9      | Noticed a two-headed ogre
  7599 | D:9      | Killed a two-headed ogre
  7599 | D:9      | Reached skill level 8 in Fighting
  7784 | D:9      | Found a radiant altar of Vehumet.
  8011 | D:9      | Reached skill level 8 in Invocations
  8512 | D:10     | Entered Level 10 of the Dungeon
  8696 | D:10     | Noticed a tengu warrior
  8699 | D:10     | Reached skill level 11 in Polearms
  8725 | D:10     | HP: 1/81 [tengu warrior/bolt[a tengu conjurer] (22)]
  8727 | D:10     | Shot with a bolt by a tengu warrior

Levels and vault maps discovered:
D:1:      dpeg_arrival_tiny_a, layout_rooms, st_stairs_10, minmay_hexomino_u4
D:2:      layout_rooms, chequers_serial_rivers_room_a, tgw_xom, uniq_robin
D:3:      layout_loops_ring, marbit_many_paths,
          gammafunk_temple_overflow_statue, minmay_close_crescents, uniq_terence
D:4:      layout_rooms
D:5:      layout_rooms, tgw_trog, temple_hall, first_ration,
          minmay_misc_feat_pillars, kennysheep_generic_room_11
D:6:      layout_cave_pods, tgw_sif, enter_ossuary_2
D:7:      layout_loops_cross, old_standard_altar, the_bakery, uniq_joseph
D:8:      layout_cave_pools, nemelex_xobeh_ov_fountains_minmay, serial_shops,
          shop
D:9:      layout_stronghold, basic_altar, serial_shops, kennysheep_little_box,
          minmay_fire_ice_demons
D:10:     layout_basic, dpeg_oklobed_lair

Skill      XL: |  1  2  3  4  5  6  7  8  9 10 |
---------------+-------------------------------+-----
Polearms       | 3 4 5 6 8 10 11 | 11.2
Fighting       | 3 4 5 6 7 8 |  8.7
Invocations    | 1 2 4 5 7 8 |  8.7
Throwing       | |  2.1
Dodging        | |  2.1

Action                   |  1- 3 |  4- 6 |  7- 9 | 10-12 || total
-------------------------+-------+-------+-------+-------++-------
Melee: Trident           |   137 |   211 |   414 |   138 ||   900
       Kick              |    20 |    40 |   107 |    39 ||   206
Invok: Recall Ancestor   |       |     2 |     8 |     2 ||    12
       Ancestor Identity |       |     1 |       |       ||     1
       Ancestor Life: Ba |       |       |     1 |       ||     1
Evoke: Wand              |       |       |     7 |     4 ||    11
  Use: Scroll            |       |     9 |     7 |       ||    16
       Potion            |       |       |     2 |     1 ||     3
 Stab: Distracted        |       |       |     1 |     1 ||     2
  Eat: Chunk             |     1 |    10 |    16 |    11 ||    38
       Ration            |       |     1 |       |       ||     1
Armor: Leather armour    |    78 |       |       |       ||    78
       Ring mail         |       |    44 |       |       ||    44
       Chain mail        |       |    33 |       |       ||    33
       Scale mail        |       |     6 |   128 |    45 ||   179
Dodge: Dodged            |    86 |    63 |    39 |    18 ||   206
Block: Large shield      |       |     5 |   204 |    61 ||   270

Table legend:
 A = Non-vault XP
 B = Vault XP
 C = Vault XP percentage of total XP
 D = Non-vault monster count
 E = Vault monster count
 F = Vault count percentage of total count
                 A         B        C        D         E       F
            +---------+---------+-------+---------+---------+-------
      Total |    8609 |    1295 |  13.1 |     173 |      78 |  31.1
            +---------+---------+-------+---------+---------+-------
        D:1 |      30 |      32 |  51.6 |      14 |       9 |  39.1
        D:2 |      46 |      26 |  36.1 |      17 |      12 |  41.4
        D:3 |      81 |      72 |  47.1 |      26 |       8 |  23.5
        D:4 |     398 |       0 |   0.0 |      18 |       0 |   0.0
        D:5 |     588 |      13 |   2.2 |      18 |       5 |  21.7
        D:6 |     589 |      42 |   6.7 |      13 |       1 |   7.1
        D:7 |    1005 |     699 |  41.0 |      17 |       2 |  10.5
        D:8 |     899 |       0 |   0.0 |      18 |       0 |   0.0
        D:9 |    2991 |      60 |   2.0 |      19 |       2 |   9.5
       D:10 |    1982 |       0 |   0.0 |      13 |       0 |   0.0
    Ossuary |       0 |     351 | 100.0 |       0 |      39 | 100.0
            +---------+---------+-------+---------+---------+-------

Levels and vault maps discovered:
D:1:      dpeg_arrival_tiny_a, layout_rooms, st_stairs_10, minmay_hexomino_u4
D:2:      layout_rooms, chequers_serial_rivers_room_a, tgw_xom, uniq_robin
D:3:      layout_loops_ring, marbit_many_paths,
          gammafunk_temple_overflow_statue, minmay_close_crescents, uniq_terence
D:4:      layout_rooms
D:5:      layout_rooms, tgw_trog, temple_hall, first_ration,
          minmay_misc_feat_pillars, kennysheep_generic_room_11
D:6:      layout_cave_pods, tgw_sif, enter_ossuary_2
D:7:      layout_loops_cross, old_standard_altar, the_bakery, uniq_joseph
D:8:      layout_cave_pools, nemelex_xobeh_ov_fountains_minmay, serial_shops,
          shop
D:9:      layout_stronghold, basic_altar, serial_shops, kennysheep_little_box,
          minmay_fire_ice_demons
D:10:     layout_basic, dpeg_oklobed_lair

Table legend:
 A = Turns spent in this place as a percentage of turns spent in the entire game.
 B = Non-inter-level travel turns spent in this place as a percentage of non-inter-level travel turns spent in the entire game.
 C = Inter-level travel turns spent in this place as a percentage of turns spent in this place.
 D = Turns resting spent in this place as a percentage of non-inter-level travel turns spent in this place.
 E = Turns spent auto-exploring this place as a percentage of non-inter-level travel turns spent in this place.
 F = Non-inter-level travel turns spent in this place divided by the number of levels of this place that you've seen.
                   A       B       C       D       E      F
               +-------+-------+-------+-------+-------+----------------------
         Total | 100.0 | 100.0 |   3.5 |  25.9 |  53.5 | 765.8
       Dungeon |  95.4 |  95.3 |   3.6 |  25.4 |  55.0 | 802.5
       Ossuary |   4.6 |   4.7 |   0.0 |  36.6 |  23.1 | 399.0
               +-------+-------+-------+-------+-------+----------------------

Table legend:
 A = Kills in this place as a percentage of kills in entire the game.
 B = Kills by you in this place as a percentage of kills by you in the entire game.
 C = Kills by friends in this place as a percentage of kills by friends in the entire game.
 D = Other kills in this place as a percentage of other kills in the entire game.
 E = Experience gained in this place as a percentage of experience gained in the entire game.
 F = Experience gained in this place divided by the number of levels of this place that you have seen.
                   A       B       C       D       E      F
               +-------+-------+-------+-------+-------+----------------------
         Total | 100.0 | 100.0 | 100.0 |   N/A | 100.0 | 900.4
       Dungeon |  84.5 |  86.5 |  74.4 |   N/A |  96.5 | 955.3
       Ossuary |  15.5 |  13.5 |  25.6 |   N/A |   3.5 | 351.0
               +-------+-------+-------+-------+-------+----------------------
